 Dungeon Crawl Stone Soup version 0.28-a0-422-gd71735cc25 (webtiles) character file.

Game seed: 5829316841499085429

4587 zero the Nimble (level 10, -1/59 HPs)
             Began as a Deep Elf Arcane Marksman on Sept 8, 2021.
             Was a Follower of Okawaru.
             Shot with an arrow by a centaur warrior (8 damage)
             ... on level 8 of the Dungeon.
             The game lasted 00:25:19 (14479 turns).

zero the Nimble (Deep Elf Arcane Marksman)         Turns: 14479, Time: 00:25:20

Health: -1/59      AC: 11    Str:  8    XL:     10   Next: 18%
Magic:  0/19       EV: 16    Int: 19    God:    Okawaru [*.....]
Gold:   277        SH:  0    Dex: 17    Spells: 1/19 levels left

rFire   . . .      SeeInvis .   a - +0 shortbow (flame)
rCold   . . .      Faith    .   (shield currently unavailable)
rNeg    . . .      Spirit   +   d - +2 robe
rPois   +          Reflect  .   (no helmet)
rElec   .          Harm     .   k - +2 cloak
rCorr   .          Rampage  .   j - +1 pair of gloves
Will    +....                   w - +1 pair of boots
Stlth   +++.......              q - amulet of guardian spirit
HPRegen 0.19/turn               i - ring of poison resistance
MPRegen 0.16/turn               (no ring)

@: no status effects
A: no striking features
a: Renounce Religion, Heroism


You were on level 8 of the Dungeon.
You worshipped Okawaru.
Okawaru was aware of your devotion.
You visited 2 branches of the dungeon, and saw 11 of its levels.

You collected 326 gold pieces.
You spent 49 gold pieces at shops.

Inventory:

Hand Weapons
 a - a +0 shortbow of flaming (weapon)
 b - a +1 short sword of venom
Missiles
 c - 180 arrows (quivered ammo)
 n - 5 curare-tipped darts
Armour
 d - a +2 robe (worn)
 j - a +1 pair of gloves (worn)
 k - a +2 cloak (worn)
 w - a +1 pair of boots (worn)
Jewellery
 i - a ring of poison resistance (left hand)
 q - an amulet of guardian spirit (around neck)
Wands
 t - a wand of digging (5)
 x - a wand of flame (12)
Scrolls
 g - a scroll of immolation {unknown}
 r - a scroll of amnesia
 s - a scroll of summoning
Potions
 e - 2 potions of curing
 f - 2 potions of ambrosia
 h - 3 potions of flight
 l - 2 potions of attraction
 m - a potion of resistance {unknown}
 o - 2 potions of brilliance
 p - 5 potions of degeneration


   Skills:
 + Level 5.1 Fighting
 + Level 8.1 Bows
 + Level 8.1 Dodging
 + Level 5.2 Stealth
 + Level 5.2 Spellcasting
 - Level 5.0 Hexes
 - Level 8.0 Translocations
 + Level 1.0 Invocations
 - Level 4.0 Evocations


You had one spell level left.
You knew the following spells:

 Your Spells              Type           Power      Damage    Failure   Level
a - Portal Projectile     Hex/Tloc       58%        N/A       2%          3
b - Slow                  Hex            23%        N/A       2%          2
c - Passage of Golubria   Tloc           N/A        N/A       4%          4
d - Gell's Gravitas       Tloc           17%        N/A       1%          3
e - Lesser Beckoning      Tloc           35%        N/A       1%          3
f - Teleport Other        Tloc           35%        N/A       1%          3

Your spell library contained the following spells:

 Spells                   Type           Power      Damage    Failure   Level
 Inner Flame              Hex/Fire       14%        N/A       13%         3
 Cause Fear               Hex            11%        N/A       16%         4
 Corpse Rot               Necr/Air       N/A        N/A       19%         2
 Dispel Undead            Necr           4%         3d7       77%         4
 Silence                  Hex/Air        7%         N/A       77%         5
 Lehudib's Crystal Spear  Conj/Erth      2%         10d2      100%        8
 Death Channel            Necr           Unusable   N/A       N/A         6

Dungeon Overview and Level Annotations

Branches:
Dungeon (10/15)            Temple (1/1) D:7
   Lair: D:8-11         Orc: D:9-12

Altars:
Ashenzari
Cheibriados
Dithmenos
Elyvilon
Fedhas
Gozag
Makhleb
Okawaru
Qazlal
Ru
Sif Muna
Uskayaw
Wu Jian
Xom
Yredelemnul
Zin
The Shining One
Lugonu

Shops:
D:5 =   D:7 [

Annotations:
D:6 2 runed translucent doors


Message History

The orc priest resists with significant effort.
The orc priest calls down the wrath of Beogh upon you.
Beogh smites you!
Casting: Slow (safe; 2% risk of failure)
Confirm with . or Enter, or press ? or * to list all spells.
Aiming: Slow (safe; 2% risk of failure)
Press: ? - help, Shift-Dir - straight line, f/p - orc priest
Aim: an orc priest, wielding a +0 mace and wearing a +0 chain mail (chance to affect: 62%)
The orc priest seems to slow down.
You shoot an arrow. The arrow hits the orc priest!
The arrow burns the orc priest.
The orc priest is severely wounded.
You shoot an arrow. The arrow hits the centaur warrior.
The arrow burns the centaur warrior.
The centaur warrior is lightly wounded.
Casting: Slow (safe; 2% risk of failure)
Confirm with . or Enter, or press ? or * to list all spells.
Aiming: Slow (safe; 2% risk of failure)
Press: ? - help, Shift-Dir - straight line, f/p - centaur warrior
Aim: a centaur warrior, wielding a +0 shortbow and quivering arrows (lightly wounded, chance to affect: 45%)
The centaur warrior seems to slow down.
The centaur warrior shoots an arrow.
The arrow hits you!!
* * * LOW HITPOINT WARNING * * *
A kobold brigand comes into view.
It is wielding a +0 dagger and quivering poisoned darts.
The kobold brigand shouts!
Casting: Slow (safe; 2% risk of failure)
Confirm with . or Enter, or press ? or * to list all spells.
You don't have enough magic to cast this spell.
You feel better.
The centaur warrior shoots an arrow.
The arrow hits you!!
* * * LOW HITPOINT WARNING * * *
You feel better.
The centaur warrior shoots an arrow.
The arrow misses you.
Aiming: Dig
Press: ? - help, Shift-Dir - straight line, p - centaur warrior You can't see that place. [a rock wall.]
The rock shatters into small pieces.
The centaur warrior shoots an arrow.
The arrow hits you!
* * * LOW HITPOINT WARNING * * *
The centaur warrior shoots an arrow.
The arrow hits you!
You die...

♣...♣♣♣..o♣#(###.#.≈..#≈#≈#≈.#.##
......Y..F(((.##.#≈#...#≈#.#≈.##
♣...♣♣♣..o♣#(.##.#.≈#...#...#≈##
♣♣ ♣(. #(.##)#[#≈#...#...#≈## ♣.
#c.)..#.##≈#.#≈#...#≈# ♣
#.#####.#≈#.#≈#≈#.#≈##
#.####..≈#...#≈#.#≈##
#Zoc.....≈#...#...#≈##
#.K##@...#≈#...#...#≈#
#..##.#.###≈#.#≈#...#≈ #.o##.#.#
##≈#≈#≈#..≈# ######...#.#.#
#.≈###≈#≈.#
#......#...#.####.#####≈..#
#)####...#.#.........###.##
##.###.......>........)..)..
#......#.##.###.##.#########
###..#####.##.# #.##.#


You could see a centaur warrior (slow), an orc priest (slow) and a centaur
zombie (slow).

Vanquished Creatures
  A boulder beetle (D:7)
  2 centaur zombies
  Maggie (D:7)
  2 water moccasins
  An orc warrior (D:7)
  A hornet zombie (D:6)
  Duvessa (D:7)
  An ice beast (D:7)
  2 ogres
  3 black bears
  2 sky beasts
  A necrophage (D:4)
  A phantom (D:5)
  6 centaurs
  A kobold brigand (D:8)
  2 scorpions (D:6)
  A bullfrog (D:8)
  Dowan (D:7)
  4 killer bees
  5 wights
  A howler monkey (D:7)
  A hound (D:6)
  A jelly (D:8)
  2 orc priests
  A centaur skeleton (D:7)
  2 bullfrog skeletons
  An iguana (D:5)
  7 orc wizards
  A killer bee zombie (D:7)
  2 hound zombies (D:5)
  3 hound skeletons
  A howler monkey skeleton (D:5)
  2 gnolls (D:2)
  7 adders
  3 adder skeletons (D:4)
  A dart slug (D:4)
  18 orcs
  3 endoplasms (D:1)
  4 giant cockroaches
  6 goblins
  5 hobgoblins
  4 quokkas
  9 ball pythons
  4 bats
  2 frilled lizards (D:1)
  8 kobolds
  6 rats
  A toadstool (D:1)
145 creatures vanquished.

Vanquished Creatures (collateral kills)
  A bullfrog skeleton (D:7)
1 creature vanquished.

Vanquished Creatures (others)
  16 plants (D:8)
  3 toadstools (D:1)
19 creatures vanquished.

Grand Total: 165 creatures vanquished

Notes
Turn   | Place    | Note
-------+----------+-------------------------------------------
     0 | D:1      | zero the Deep Elf Arcane Marksman began the quest for the
                  | Orb.
     0 | D:1      | Reached XP level 1. HP: 11/11 MP: 5/5
   123 | D:2      | Reached skill level 1 in Fighting
   123 | D:2      | Reached skill level 1 in Stealth
   123 | D:2      | Reached XP level 2. HP: 3/16 MP: 6/6
   784 | D:1      | Found a faded altar of an unknown god.
   851 | D:1      | Reached XP level 3. HP: 12/20 MP: 7/7
  1229 | D:1      | Learned a level 3 spell: Portal Projectile
  1242 | D:1      | Learned a level 2 spell: Slow
  1909 | D:2      | Reached XP level 4. HP: 25/25 MP: 9/9
  2064 | D:2      | Found an ornate altar of the Wu Jian Council.
  2641 | D:3      | Noticed a black bear
  2715 | D:3      | Reached skill level 1 in Translocations
  4120 | D:4      | Reached XP level 5. HP: 21/30 MP: 10/10
  4472 | D:4      | Noticed a necrophage
  4478 | D:4      | Killed a necrophage
  4652 | D:4      | Identified the +12 great mace "Asegell" {antimagic, Drain
                  | Str+5 Dex+4 SInv}
  4972 | D:5      | Entered Level 5 of the Dungeon
  4972 | D:5      | Noticed an ogre
  4985 | D:5      | Killed an ogre
  4986 | D:5      | Reached XP level 6. HP: 10/35 MP: 6/12
  5217 | D:5      | Learned a level 4 spell: Passage of Golubria
  5315 | D:5      | Found Olihyla's Jewellery Shoppe.
  5737 | D:5      | Noticed a +0 spear
  5737 | D:5      | Noticed a +0 short sword
  5737 | D:5      | Noticed a +0 spear
  5739 | D:5      | Noticed a +0 dagger
  5739 | D:5      | Noticed a +0 dagger
  5740 | D:5      | Noticed a +0 short sword
  5741 | D:5      | Noticed a +0 falchion
  5741 | D:5      | Noticed a +0 falchion
  5747 | D:5      | Found a hide-covered altar of Uskayaw.
  6354 | D:5      | Reached skill level 5 in Bows
  6354 | D:5      | Reached XP level 7. HP: 34/40 MP: 12/14
  6856 | D:5      | You fall into a shaft and drop 3 floors!
  7269 | D:8      | Reached skill level 5 in Dodging
  7274 | D:8      | Reached skill level 5 in Hexes
  7277 | D:8      | Reached XP level 8. HP: 20/46 MP: 8/16
  7643 | D:10     | Entered Level 10 of the Dungeon
  7700 | D:10     | Reached skill level 5 in Stealth
  8052 | D:7      | Noticed Maggie
  8572 | D:6      | Reached skill level 5 in Spellcasting
  8572 | D:6      | Reached skill level 5 in Translocations
  8575 | D:6      | Found a large runed translucent door.
  8740 | D:6      | Reached XP level 9. HP: 46/52 MP: 8/18
  9125 | D:6      | Found a shadowy altar of Dithmenos.
  9341 | D:6      | Found a large runed translucent door.
  9774 | D:7      | Reached skill level 5 in Fighting
  9804 | D:7      | Noticed a boulder beetle
  9841 | D:7      | Found a snail-covered altar of Cheibriados.
  9843 | D:7      | Found an ornate altar of the Wu Jian Council.
  9843 | D:7      | Found a stormy altar of Qazlal.
  9843 | D:7      | Found a glowing golden altar of the Shining One.
  9843 | D:7      | Found a shimmering altar of Xom.
  9844 | D:7      | Found a shimmering blue altar of Sif Muna.
 10193 | D:7      | Killed a boulder beetle
 10315 | D:7      | Found Zegreo's Armour Shoppe.
 10326 | D:7      | Bought a +0 pair of gloves for 49 gold pieces
 10438 | D:7      | Learned a level 3 spell: Gell's Gravitas
 10442 | D:7      | Learned a level 3 spell: Lesser Beckoning
 10446 | D:7      | Learned a level 3 spell: Teleport Other
 10588 | D:7      | Noticed Duvessa
 10589 | D:7      | Noticed Dowan
 10610 | D:7      | Killed Dowan
 10663 | D:7      | Killed Duvessa
 10664 | D:7      | Reached skill level 1 in Evocations
 10947 | D:7      | Found a staircase to the Ecumenical Temple.
 11115 | Temple   | Entered the Ecumenical Temple
 11190 | Temple   | Became a worshipper of Warmaster Okawaru
 12412 | D:7      | Reached XP level 10. HP: 53/59 MP: 9/19
 12765 | D:7      | Killed Maggie
 12765 | D:7      | Reached * piety under Okawaru
 14117 | D:8      | Reached skill level 1 in Invocations
 14464 | D:8      | Noticed a centaur warrior
 14479 | D:8      | Shot with an arrow by a centaur warrior

Illustrated notes

Levels and vault maps discovered:
D:1:      ldierk_water_garden, layout_basic, dreamdust_ecumenical_altar_statues
D:2:      layout_loops_cross, basic_altar, serial_bayou_lake_a
D:3:      layout_loops_corners
D:4:      layout_basic
D:5:      layout_basic, nicolae_uskayaw_en_pointe, serial_shops, kennysheep_mini
D:6:      layout_rooms, mainiacjoe_overflow_alcove_4, jmf_multi_god_temple2
D:7:      kennysheep_spiral_hall, layout_layer_cave, grunt_temple_overflow_open,
          minmay_temple_entry_drinking_statues, serial_shops, shop,
          uniq_duvessa, uniq_maggie
D:8:      nzn_winding_woodlands_stair_cross [nzn_winding_woodlands_5x15_default,
          nzn_winding_woodlands_center_lodge,
          nzn_winding_woodlands_5x15_concentric,
          nzn_winding_woodlands_5x5_default, nzn_winding_woodlands_hourglass,
          nzn_winding_woodlands_5x15_sawtooth,
          nzn_winding_woodlands_center_garden,
          nzn_winding_woodlands_5x15_lazy_stream], layout_loops_ring,
          nicolae_water_bricks
D:9:      layout_roguey, mainiacjoe_overflow_boulevard,
          mainiacjoe_overflow_catwalk, serial_rivers,
          chequers_serial_rivers_small_a, chequers_serial_rivers_large_b,
          chequers_serial_rivers_micro_b, chequers_serial_rivers_room_a,
          chequers_serial_rivers_small_3, chequers_serial_rivers_room_a
D:10:     layout_cave_pods, mainiacjoe_overflow_small_starburst,
          due_lair_maze_entry_diamond, hex_medium, feat_on_display
Temple:   corrupted_temple

Skill      XL: |  1  2  3  4  5  6  7  8  9 10 |
---------------+-------------------------------+-----
Fighting       | 1 2 3 4 5 |  5.1
Bows           | 3 4 5 8 |  8.1
Stealth        | 1 2 3 4 5 |  5.2
Dodging        | 3 4 5 8 |  8.1
Spellcasting   | 2 3 4 5 |  5.2
Translocations | 1 2 3 5 8 |  8.0
Hexes          | 5 |  5.0
Evocations     | 2 4 |  4.0
Invocations    | 1 |  1.0

Action                   |  1- 3 |  4- 6 |  7- 9 | 10-12 || total
-------------------------+-------+-------+-------+-------++-------
Melee: Short sword       |    63 |    21 |    70 |       ||   154
 Fire: Shortbow          |    19 |   195 |   362 |   102 ||   678
Throw: Dart              |       |     2 |     6 |     6 ||    14
 Cast: Slow              |     3 |     6 |    46 |    18 ||    73
       Portal Projectile |       |       |    21 |     5 ||    26
       Gell's Gravitas   |       |       |     4 |     2 ||     6
       Teleport Other    |       |       |     3 |       ||     3
       Passage of Golubr |       |       |     1 |     2 ||     3
       Lesser Beckoning  |       |       |     1 |     1 ||     2
Evoke: Wand              |       |       |    12 |     2 ||    14
  Use: Scroll            |     1 |     9 |     8 |       ||    18
       Potion            |       |     1 |     1 |     2 ||     4
 Stab: Sleeping          |     7 |     3 |       |       ||    10
       Distracted        |       |       |     1 |       ||     1
Armor: Leather armour    |    17 |       |       |       ||    17
       Robe              |     4 |    33 |   104 |    11 ||   152
Dodge: Dodged            |    39 |    95 |   207 |    45 ||   386

Table legend: (Time is in decaauts)
 A = Elapsed time spent in this place.
 B = Non-inter-level travel time spent in this place.
 C = Inter-level travel time spent in this place.
 D = Time resting spent in this place.
 E = Time spent auto-exploring this place.
 F = Levels seen in this place.
 G = Mean time per level.
                   A        B        C        D        E       F      G
               +--------+--------+--------+--------+--------+-----+--------+
         Total |  14489 |  13818 |    671 |   4645 |   6811 |  11 | 1317.2 |
       Dungeon |  14398 |  13767 |    631 |   4645 |   6769 |  10 | 1439.8 |
        Temple |     91 |     51 |     40 |      0 |     41 |   1 |   91.0 |
               +--------+--------+--------+--------+--------+-----+--------+

Top non-repeatable levels by time:
     D:7: 3844 daAuts
     D:5: 2225 daAuts
     D:6: 1701 daAuts
     D:4: 1405 daAuts
     D:3: 1332 daAuts
     D:8: 1269 daAuts
     D:1: 1220 daAuts
     D:2: 1106 daAuts
    D:10: 203 daAuts
  Temple: 91 daAuts
     D:9: 86 daAuts
